[Event "Titled Tuesday Blitz May 24 Early 2022"]
[White "Drygalov, Sergey"]
[Black "Cherniaiev, Tykhon"]
[WhiteFideId "24171743"]
[BlackFideId "14182360"]
[WhiteElo "2514"]
[BlackElo "2289"]
[Result "1/2-1/2"]
[Round "04"]
[TimeControl "180+1"]
[Date "2022.05.24"]
[WhiteClock "0:00:01"]
[BlackClock "0:01:01"]

1. d4 Nf6 2. c4 e6 3. Nf3 d5 4. Nc3 Be7 5. Bf4 O-O 6. e3 dxc4 7. Bxc4 c5 8. dxc5 Bxc5 9. O-O Nc6 10. a3 a5 11. Qxd8 Rxd8 12. Rfd1 Bd7 13. Nb5 Be8 14. Bc7 Rxd1+ 15. Rxd1 Rc8 16. Ne1 Ne7 17. Rd8 Rxd8 18. Bxd8 Nc6 19. Bc7 Bd7 20. Nd3 Bf8 21. Nd6 Ne8 22. Nxe8 Bxe8 23. Bb5 Nb4 24. Bxe8 Nxd3 25. Bxa5 Nxb2 26. a4 Bc5 27. Bb5 f5 28. Kf1 e5 29. Ke2 e4 30. Bc3 Ba3 31. Kd2 Kf7 32. Kc2 Nd3 33. Bxd3 exd3+ 34. Kxd3 g6 35. Kc4 Ke6 36. f3 Bd6 37. h3 h5 38. Kb5 Kd7 39. Kb6 Kc8 40. e4 fxe4 41. fxe4 Bc7+ 42. Kc5 Kd7 43. Kd5 Bd8 44. e5 Bc7 45. e6+ Ke7 46. Bb4+ Ke8 47. Bd6 Ba5 48. Kc4 g5 49. Kb5 b6 50. Bc7 Ke7 51. Bxb6 Bd2 52. a5 Bxa5 53. Bxa5 Kxe6 54. Bd8 Kf5 55. h4 gxh4 56. Bxh4 Kg4 57. g3 Kf5 58. Kc5 Ke5 59. Kc4 Ke4 60. Kc5 Ke5 61. Kc6 Ke6 62. Kc7 Kf5 63. Kd7 Ke5 64. Ke7 Kf5 65. Kf7 Kg4 66. Kg6 Kh3 67. Kxh5 Kg2 68. g4 Kf3 69. g5 Ke4 70. g6 Kf5 71. g7 Ke6 72. g8=Q+ Ke5 73. Qg5+ Ke4 74. Bg3 Kd3 1/2-1/2


[Site "https://www.chess.com"]

[Event "Titled Tuesday Blitz May 24 Early 2022"]
[White "Dubov, Daniil"]
[Black "Garriga Cazorla, Pere"]
[WhiteFideId "24126055"]
[BlackFideId "32011601"]
[WhiteElo "2791"]
[BlackElo "2433"]
[Result "1-0"]
[Round "04"]
[TimeControl "180+1"]
[Date "2022.05.24"]
[WhiteClock "0:00:18"]
[BlackClock "0:00:01"]

1. d4 Nf6 2. c4 e6 3. Nc3 Bb4 4. g3 d5 5. Bg2 O-O 6. Nf3 dxc4 7. O-O a6 8. Ne5 c5 9. dxc5 Bxc5 10. Qxd8 Rxd8 11. Nxc4 Nc6 12. Na4 Ba7 13. Nab6 Rb8 14. Bf4 e5 15. Nxc8 exf4 16. Nxa7 Nxa7 17. gxf4 Rd4 18. Rac1 Rxf4 19. e3 Rg4 20. Ne5 Rb4 21. Rc7 Nb5 22. Rxf7 Re8 23. Nd3 Ra4 24. Rxb7 Rxa2 25. Nb4 Rxb2 26. Nxa6 Rc8 27. Rd1 h5 28. Bf1 Nc3 29. Rxb2 Nxd1 30. Rb1 Nc3 31. Rb4 Nce4 32. Bd3 Ng5 33. Kg2 Kf7 34. Rb7+ Kf8 35. Nc7 Kg8 36. Bg6 1-0


[Site "https://www.chess.com"]

[Event "Titled Tuesday Blitz May 24 Early 2022"]
[White "Dushyant Sharma"]
[Black "Valle Maytin, Luis Enrique"]
[WhiteFideId "25065130"]
[BlackFideId "3503666"]
[WhiteElo "2105"]
[BlackElo "2248"]
[Result "1-0"]
[Round "04"]
[TimeControl "180+1"]
[Date "2022.05.25"]
[WhiteClock "0:01:52"]
[BlackClock "0:01:00"]

1. e4 c6 2. Nf3 d5 3. exd5 cxd5 4. d4 Nc6 5. Bd3 Qc7 6. c3 Nf6 7. O-O Bg4 8. Be3 e6 9. Nbd2 Bd6 10. Qc2 h6 11. Rae1 O-O 12. h3 Bxf3 13. Nxf3 a6 14. Qd2 b5 15. Bxh6 gxh6 16. Qxh6 Ne4 17. Bxe4 dxe4 18. Rxe4 f5 19. Rxe6 Rf7 20. Rxd6 Ne7 21. Ne5 Rg7 22. Qe6+ Kh8 23. Rd7 1-0


[Site "https://www.chess.com"]

[Event "Titled Tuesday Blitz May 24 Early 2022"]
[White "Fernandez Barrera, Victor"]
[Black "Ivanisevic, Ivan"]
[WhiteFideId "2261529"]
[BlackFideId "912417"]
[WhiteElo "2189"]
[BlackElo "2495"]
[Result "1-0"]
[Round "04"]
[TimeControl "180+1"]
[Date "2022.05.25"]
[WhiteClock "0:01:09"]
[BlackClock "0:00:37"]

1. Nf3 c5 2. c4 Nc6 3. d4 cxd4 4. Nxd4 Nf6 5. Nc3 e6 6. Ndb5 d6 7. Bf4 e5 8. Bg5 a6 9. Bxf6 gxf6 10. Na3 f5 11. e3 Be6 12. Nd5 Bg7 13. Nc2 e4 14. b3 O-O 15. Be2 Bxd5 16. Qxd5 Bc3+ 17. Kf1 Bxa1 18. Nxa1 Qf6 19. Nc2 Kh8 20. h4 Rac8 21. h5 h6 22. g3 b5 23. Rh4 bxc4 24. Bxc4 Ne5 25. Nd4 Rc5 26. Qb7 d5 27. Bxd5 Rd8 28. Bc4 Nxc4 29. bxc4 Rxc4 30. Rf4 Rc5 31. Kg2 Kg7 32. Qb2 Rcd5 33. Rxf5 1-0


[Site "https://www.chess.com"]

[Event "Titled Tuesday Blitz May 24 Early 2022"]
[White "Fernandez Hernandez, Gerardo"]
[Black "Rahman, Adel"]
[WhiteFideId "2207400"]
[BlackFideId "14204177"]
[WhiteElo "2224"]
[BlackElo "2175"]
[Result "0-1"]
[Round "04"]
[TimeControl "180+1"]
[Date "2022.05.25"]
[WhiteClock "0:00:01"]
[BlackClock "0:00:27"]

1. e4 c5 2. d3 Nc6 3. g3 g6 4. Bg2 Bg7 5. f4 d6 6. Nf3 e6 7. O-O Nge7 8. c3 O-O 9. Be3 b6 10. d4 cxd4 11. cxd4 d5 12. e5 Ba6 13. Re1 Nf5 14. Bf2 h5 15. Nc3 Qd7 16. h3 Rfc8 17. g4 hxg4 18. hxg4 Nh6 19. Ng5 Nb4 20. Bf1 Bxf1 21. Rxf1 b5 22. Rc1 a5 23. Qe2 Rab8 24. Be3 Bf8 25. Kg2 Nc6 26. Rh1 b4 27. Na4 Nxd4 28. Bxd4 Qxa4 29. b3 Qd7 30. Kg3 Rxc1 31. Rxc1 Rc8 32. Rh1 Qc6 33. Rh2 Qc1 34. Nf3 Qb1 35. Rh4 Rc2 36. Qb5 Qxa2 37. Qe8 Rg2+ 38. Kh3 Qe2 0-1


[Site "https://www.chess.com"]

[Event "Titled Tuesday Blitz May 24 Early 2022"]
[White "Ferreira, Vitor Hugo Vieira"]
[Black "Zanette, Edgard Vinicius"]
[WhiteFideId "2119765"]
[BlackFideId "2109263"]
[WhiteElo "2165"]
[BlackElo "2182"]
[Result "1-0"]
[Round "04"]
[TimeControl "180+1"]
[Date "2022.05.25"]
[WhiteClock "0:00:31"]
[BlackClock "0:00:11"]

1. Nf3 Nf6 2. g3 c5 3. Bg2 e6 4. O-O Be7 5. c4 O-O 6. d4 d5 7. cxd5 exd5 8. Nc3 Nc6 9. dxc5 Bxc5 10. Ne1 d4 11. Nd3 Bb6 12. Na4 Bc7 13. Bf4 Bf5 14. Bxc7 Qxc7 15. Rc1 Rac8 16. Nac5 Qe7 17. Nf4 Rfd8 18. Qa4 Ne4 19. Qb5 Nxc5 20. Qxc5 Qxc5 21. Rxc5 Bd7 22. Nd5 Kf8 23. Rfc1 b6 24. R5c2 Ne5 25. f4 Rxc2 26. Rxc2 Bf5 27. Rc7 Ng4 28. Rxa7 Ne3 29. Nxe3 dxe3 30. Ra8 Rxa8 31. Bxa8 Ke7 32. Kg2 Bg4 33. Kf1 Kd6 34. Bg2 Kc5 35. h3 Be6 36. a3 Kc4 37. Be4 Kb3 38. Bxh7 Kxb2 39. a4 Ka3 40. h4 Kxa4 41. f5 Bd5 42. Bg8 Kb3 43. h5 Kc4 44. f6 gxf6 45. h6 Be4 46. h7 Bxh7 47. Bxh7 b5 48. Bg8 Kc3 49. Bxf7 b4 50. Kg2 Kd2 51. Kf3 f5 52. Be6 b3 53. Bxf5 b2 54. g4 1-0


[Site "https://www.chess.com"]

[Event "Titled Tuesday Blitz May 24 Early 2022"]
[White "Fier, Alexandr"]
[Black "Ajay Krishna, S"]
[WhiteFideId "2107139"]
[BlackFideId "5096430"]
[WhiteElo "2571"]
[BlackElo "2247"]
[Result "1-0"]
[Round "04"]
[TimeControl "180+1"]
[Date "2022.05.25"]
[WhiteClock "0:00:42"]
[BlackClock "0:00:07"]

1. e4 e5 2. f4 d6 3. Nf3 Nc6 4. Bc4 Be7 5. d3 Nf6 6. Nc3 O-O 7. O-O Be6 8. f5 Bxc4 9. dxc4 a6 10. Bg5 Nd7 11. Be3 Rb8 12. g4 b5 13. cxb5 axb5 14. g5 b4 15. Nd5 Re8 16. f6 gxf6 17. Nh4 fxg5 18. Nf5 Bf8 19. Qh5 Re6 20. Nfe7+ Rxe7 21. Bxg5 f6 22. Rxf6 Rg7 23. Kh1 Nxf6 24. Bxf6 Qe8 25. Qh4 Rg6 26. Rf1 Bg7 27. Bxg7 Kxg7 28. Nf6 Qh8 29. Nh5+ Kg8 30. Qf2 Rg7 31. Qf5 Re8 32. Nf6+ Kf7 33. Qd7+ Kg6 34. Rg1+ Kxf6 35. Rf1+ Kg6 36. Qg4+ Kh6 37. Qh4+ Kg6 38. Rf6# 1-0


[Site "https://www.chess.com"]

[Event "Titled Tuesday Blitz May 24 Early 2022"]
[White "Gabrielian, Artur"]
[Black "Suleymanli, Suleyman"]
[WhiteFideId "4131002"]
[BlackFideId "13416375"]
[WhiteElo "2440"]
[BlackElo "1598"]
[Result "1-0"]
[Round "04"]
[TimeControl "180+1"]
[Date "2022.05.25"]
[WhiteClock "0:00:08"]
[BlackClock "0:00:03"]

1. e4 e6 2. d3 d5 3. Qe2 Ne7 4. Nf3 c5 5. g3 Nbc6 6. Bg2 g6 7. h4 h5 8. O-O Bg7 9. Re1 O-O 10. e5 Nf5 11. c3 b5 12. Bg5 Qc7 13. d4 cxd4 14. Nbd2 dxc3 15. bxc3 a6 16. Nb3 Bb7 17. Nbd4 Ncxd4 18. cxd4 Qc4 19. Qd2 Rac8 20. Bf6 Qc3 21. Qf4 Bh6 22. Bg5 Bxg5 23. hxg5 Rc4 24. Rad1 a5 25. Bh3 Bc8 26. Bxf5 exf5 27. Rc1 Qa3 28. Rxc4 bxc4 29. Re2 Be6 30. Kg2 Rb8 31. Rc2 Rb2 32. Qd2 Rxc2 33. Qxc2 f4 34. Nh4 f3+ 35. Kh2 Kg7 36. Qb1 Qb4 37. Qc1 c3 38. Nxf3 Bg4 39. Qf4 Bxf3 40. Qf6+ Kg8 41. e6 Qf8 42. e7 Qe8 43. Qxf3 Qxe7 44. Qxc3 Qxg5 45. Qxa5 Qf5 46. Qd8+ Kh7 47. Kg1 Qb1+ 48. Kh2 Qxa2 49. Qf6 Qa7 50. f3 Qd7 51. Kg2 Qe6 52. Qf4 Qe2+ 53. Kg1 Qe6 54. Kf2 Kg7 55. Qc7 Qf6 56. Ke3 Qe6+ 57. Kf2 g5 58. Qc1 Qf5 59. Qc5 g4 60. f4 Qe4 61. Qc3 Qh1 62. Qe3 Qe4 63. Qc3 Kh7 64. Kg1 Qe2 65. Qc5 Qe3+ 66. Kh1 Qf3+ 67. Kh2 Qf2+ 68. Kh1 Qxg3 69. Qxd5 Qf3+ 70. Qxf3 gxf3 71. Kg1 Kg6 72. d5 Kf5 73. Kf2 Kf6 74. Kxf3 Ke7 75. Kg3 Kd6 76. Kh4 Kxd5 77. Kxh5 Ke4 78. Kg4 f6 79. f5 Ke5 80. Kg3 Ke4 81. Kg4 Ke3 82. Kg3 Ke2 83. Kf4 Kf2 84. Kg4 Kg2 85. Kh5 Kf3 86. Kg6 Ke4 87. Kxf6 Kd4 88. Kg6 Kd5 89. f6 Kd6 90. f7 Ke7 91. Kg7 Ke6 92. f8=Q Ke5 93. Qf7 1-0


[Site "https://www.chess.com"]

[Event "Titled Tuesday Blitz May 24 Early 2022"]
[White "Gaehwiler, Gabriel"]
[Black "Ezat, Mohamed"]
[WhiteFideId "1314530"]
[BlackFideId "10600906"]
[WhiteElo "2383"]
[BlackElo "2386"]
[Result "1-0"]
[Round "04"]
[TimeControl "180+1"]
[Date "2022.05.25"]
[WhiteClock "0:00:12"]
[BlackClock "0:00:09"]

1. d4 Nf6 2. c4 g6 3. Nf3 Bg7 4. g3 O-O 5. Bg2 d6 6. O-O Nc6 7. b3 Bg4 8. Bb2 Nd7 9. Nbd2 e5 10. d5 Bxf3 11. Bxf3 Ne7 12. Bg2 f5 13. e3 a5 14. e4 f4 15. Bh3 Nc5 16. Qe2 Kh8 17. Kh1 Ng8 18. f3 fxg3 19. hxg3 Nf6 20. Rg1 Nh5 21. Raf1 Qg5 22. Kh2 Bh6 23. f4 Qe7 24. Nf3 Bxf4 25. gxf4 Nxf4 26. Qd2 Nxe4 27. Qe3 Nxh3 28. Kxh3 Nf6 29. Ng5 Kg8 30. Ne6 Rf7 31. Rf3 Nh5 32. Rgf1 Rxf3+ 33. Qxf3 c6 34. Bc1 cxd5 35. Qxd5 Kh8 36. c5 Re8 37. cxd6 Qd7 38. Qxe5+ Kg8 39. Bb2 Qxe6+ 40. Qxe6+ Rxe6 41. Rd1 Re8 42. d7 Rd8 43. Be5 Kf7 44. Bc7 Ke7 45. Bxd8+ Kxd8 46. Kg4 Nf6+ 47. Kg5 Nxd7 48. Kh6 Kc7 49. Kxh7 Nc5 50. Kxg6 Na6 51. Kf5 Nb4 52. Rd2 Kc6 53. Ke4 Kc5 54. a3 Nc6 55. Kd3 a4 56. b4+ Kb5 57. Kc3 Kb6 58. Rd5 Na7 59. Ra5 Nb5+ 60. Kb2 Nd6 61. Rxa4 Kb5 62. Ra5+ Kb6 63. Rd5 Nc4+ 64. Kb3 Ne3 65. Re5 Ng4 66. Re6+ Ka7 67. a4 Nf2 68. Kc4 Nd1 69. Re2 Ka6 70. Kb3 b5 71. Kc2 1-0


[Site "https://www.chess.com"]

[Event "Titled Tuesday Blitz May 24 Early 2022"]
[White "Garv Gaur"]
[Black "Petrova, Irina"]
[WhiteFideId "45030839"]
[BlackFideId "14124122"]
[WhiteElo "1950"]
[BlackElo "1993"]
[Result "1-0"]
[Round "04"]
[TimeControl "180+1"]
[Date "2022.05.25"]
[WhiteClock "0:00:23"]
[BlackClock "0:00:01"]

1. d4 d5 2. Nf3 Nf6 3. c4 c6 4. g3 Bf5 5. Nc3 e6 6. Nh4 Be4 7. f3 Bg6 8. Qb3 Qb6 9. Nxg6 hxg6 10. c5 Qc7 11. Bf4 Qc8 12. e4 dxe4 13. fxe4 Nbd7 14. Bc4 b5 15. Bxe6 fxe6 16. Qxe6+ Be7 17. e5 Nxe5 18. Qxc8+ Rxc8 19. Bxe5 O-O 20. O-O Nd7 21. Bf4 Bf6 22. Rad1 Rfe8 23. Kf2 g5 24. Bd6 Kf7 25. Rfe1 Kg6 26. Ne4 Kf5 27. Be5 Bxe5 28. dxe5 Ke6 29. Nd6 Rf8+ 30. Kg2 Rb8 31. b4 Nxe5 32. Ne4 Rbe8 33. Nxg5+ Kf5 34. h4 Nc4 35. Rf1+ Kg6 36. Rxf8 Rxf8 37. Rd7 Re8 38. Rc7 Re2+ 39. Kh3 Rxa2 40. Rxc6+ Kf5 41. Rc7 Ne3 42. Rf7+ Kg6 43. Re7 Nf1 44. Re6+ 1-0


[Site "https://www.chess.com"]

[Event "Titled Tuesday Blitz May 24 Early 2022"]
[White "Gatterer, Florian"]
[Black "Butti, Enrique"]
[WhiteFideId "811688"]
[BlackFideId "3700470"]
[WhiteElo "2218"]
[BlackElo "2080"]
[Result "1/2-1/2"]
[Round "04"]
[TimeControl "180+1"]
[Date "2022.05.25"]
[WhiteClock "0:00:04"]
[BlackClock "0:00:09"]

1. f4 d5 2. Nf3 g6 3. g3 Bg7 4. Bg2 c5 5. O-O Nc6 6. d3 d4 7. c3 Nh6 8. e4 dxe3 9. Bxe3 Qd6 10. Kh1 O-O 11. Na3 Nf5 12. Bf2 b6 13. Nb5 Qb8 14. Qa4 Bb7 15. Na3 Rd8 16. Rad1 e5 17. fxe5 Nxe5 18. Nxe5 Bxg2+ 19. Kxg2 Bxe5 20. Qe4 Bg7 21. g4 Nd6 22. Qf3 Qb7 23. d4 Qxf3+ 24. Kxf3 cxd4 25. Bxd4 f5 26. Bxg7 Kxg7 27. Rd5 fxg4+ 28. Kxg4 Nf5 29. Rxd8 Rxd8 30. Rf2 h5+ 31. Kf3 Rd3+ 32. Ke2 Rh3 33. Nb5 Kf6 34. Nd4 Ke5 35. Nf3+ Kd5 36. Nd2 Nd6 37. a4 g5 38. Kd1 g4 39. Kc2 h4 40. Kb3 g3 41. hxg3 hxg3 42. Rf6 Ne4 43. Nxe4 Kxe4 44. Rg6 Kf3 45. a5 g2 46. axb6 axb6 47. Rf6+ Ke2 48. Re6+ Kf2 49. Rf6+ Rf3 50. Rg6 g1=Q 51. Rxg1 Kxg1 52. Ka4 Rf2 53. b4 Rb2 54. Kb5 Rc2 55. Kxb6 Kf2 56. b5 Rxc3 57. Ka7 Ra3+ 58. Kb8 Ke3 59. b6 Kd4 60. b7 Rb3 61. Kc8 Rc3+ 62. Kd8 Rb3 63. Kc8 Rc3+ 64. Kd8 Rb3 65. Kc8 1/2-1/2


[Site "https://www.chess.com"]

[Event "Titled Tuesday Blitz May 24 Early 2022"]
[White "Grischuk, Alexander"]
[Black "Timofeev, Artyom"]
[WhiteFideId "4126025"]
[BlackFideId "4140419"]
[WhiteElo "2762"]
[BlackElo "2594"]
[Result "1-0"]
[Round "04"]
[TimeControl "180+1"]
[Date "2022.05.24"]
[WhiteClock "0:00:05"]
[BlackClock "0:00:03"]

1. e4 c5 2. Nc3 e6 3. Nf3 Nc6 4. Bb5 Nge7 5. O-O a6 6. Bxc6 Nxc6 7. d4 cxd4 8. Nxd4 Be7 9. Nxc6 dxc6 10. e5 Qxd1 11. Rxd1 c5 12. Ne4 Bd7 13. Be3 Rc8 14. Nd6+ Bxd6 15. Rxd6 Ke7 16. Rad1 Bb5 17. c4 Bxc4 18. Rd7+ Ke8 19. Bxc5 Bd5 20. Re7+ Kd8 21. Bd6 Rc2 22. b4 Rxa2 23. Rxf7 Rg8 24. h3 h5 25. Rd3 g5 26. Rg3 g4 27. h4 Ra1+ 28. Kh2 Ra2 29. Rc3 Bc6 30. Kg3 Rh8 31. Rd3 Bd5 32. Rg7 Rc2 33. Rd4 Rc3+ 34. Kh2 g3+ 35. fxg3 Rc2 36. Rf4 Rxg2+ 37. Kh3 Rc2 38. g4 hxg4+ 39. Rfxg4 Rc3+ 40. Kh2 Rc2+ 41. Kg3 Rh2 42. Rg8+ Rxg8 43. Rxg8+ Kd7 44. Rg7+ Kc6 45. Kxh2 1-0


[Site "https://www.chess.com"]

[Event "Titled Tuesday Blitz May 24 Early 2022"]
[White "Gschnitzer, Adrian"]
[Black "Maghsoodloo, Parham"]
[WhiteFideId "1270337"]
[BlackFideId "12539929"]
[WhiteElo "2294"]
[BlackElo "2630"]
[Result "0-1"]
[Round "04"]
[TimeControl "180+1"]
[Date "2022.05.25"]
[WhiteClock "0:01:05"]
[BlackClock "0:01:50"]

1. e4 c5 2. Nf3 d6 3. d4 cxd4 4. Nxd4 Nf6 5. Nc3 a6 6. Bg5 Nbd7 7. f4 h6 8. Bxf6 Nxf6 9. e5 dxe5 10. fxe5 Nd5 11. e6 Nxc3 12. exf7+ Kxf7 13. Bc4+ e6 14. Qh5+ Kg8 15. bxc3 Qc7 16. Qe2 b5 17. Bxe6+ Bxe6 18. Qxe6+ Qf7 19. Qxf7+ Kxf7 20. O-O+ Kg6 21. Rae1 Rc8 22. Re6+ Kh7 23. Rf3 Rc4 24. Rxa6 Bc5 25. Ra5 Rxc3 0-1


[Site "https://www.chess.com"]

[Event "Titled Tuesday Blitz May 24 Early 2022"]
[White "Gu, Xiaobing"]
[Black "D`Arruda, Ricardo D."]
[WhiteFideId "8602611"]
[BlackFideId "100692"]
[WhiteElo "2174"]
[BlackElo "2495"]
[Result "0-1"]
[Round "04"]
[TimeControl "180+1"]
[Date "2022.05.25"]
[WhiteClock "0:00:54"]
[BlackClock "0:01:24"]

1. e4 c5 2. Nf3 Nc6 3. Bb5 e6 4. Bxc6 dxc6 5. O-O c4 6. Qe2 b5 7. b3 cxb3 8. axb3 Nf6 9. Bb2 Be7 10. d4 O-O 11. Nbd2 Qc7 12. c4 a6 13. e5 Ne8 14. cxb5 cxb5 15. Rac1 Qd7 16. Ne4 Nc7 17. Neg5 h6 18. Qc2 hxg5 19. Qxc7 Ra7 20. Qc2 Bb7 21. Qd3 Bd5 22. Rc3 Rc8 23. Rfc1 Rac7 24. Qc2 Rxc3 0-1


[Site "https://www.chess.com"]

[Event "Titled Tuesday Blitz May 24 Early 2022"]
[White "Guliev, Logman"]
[Black "De Souza, Cristiano Gomes"]
[WhiteFideId "13400061"]
[BlackFideId "2151758"]
[WhiteElo "2128"]
[BlackElo "2068"]
[Result "1-0"]
[Round "04"]
[TimeControl "180+1"]
[Date "2022.05.25"]
[WhiteClock "0:01:30"]
[BlackClock "0:02:09"]

1. e4 c5 2. Nf3 d6 3. d4 cxd4 4. Nxd4 Nf6 5. Nc3 g6 6. Be2 Bg7 7. O-O O-O 8. Be3 Nc6 9. Nb3 a5 10. a4 Bd7 11. f4 Nb4 12. Bf3 Bc6 13. Nd4 Rc8 14. Nxc6 bxc6 15. Rf2 Qc7 16. Rd2 Rfd8 17. Qe2 Qb7 18. Bd4 Ne8 19. Bxg7 Nxg7 20. Re1 Qb6+ 21. Kh1 Ne6 22. f5 Nd4 23. Qf2 c5 24. fxg6 hxg6 25. Bg4 Rb8 26. b3 Qc7 27. Nd5 Nxd5 28. exd5 Kg7 29. Rf1 Rf8 30. Rd3 f5 31. Bd1 Rf6 32. Rh3 Rg8 33. c3 Rh8 34. Rxh8 Kxh8 35. cxd4 cxd4 36. Qxd4 Kg7 37. Be2 1-0


[Site "https://www.chess.com"]

[Event "Titled Tuesday Blitz May 24 Early 2022"]
[White "Guzman, Christopher"]
[Black "Boder, Jan"]
[WhiteFideId "6405096"]
[BlackFideId "16243226"]
[WhiteElo "2244"]
[BlackElo "2064"]
[Result "1-0"]
[Round "04"]
[TimeControl "180+1"]
[Date "2022.05.25"]
[WhiteClock "0:01:06"]
[BlackClock "0:00:13"]

1. e4 c5 2. Nf3 g6 3. d4 cxd4 4. Nxd4 Nc6 5. c4 Nf6 6. Nc3 d6 7. Be2 Nxd4 8. Qxd4 Bg7 9. Be3 O-O 10. Qd2 Be6 11. b3 Qa5 12. O-O Rfc8 13. a3 a6 14. f3 b5 15. b4 Qc7 16. Nd5 Nxd5 17. cxd5 Bxa1 18. dxe6 Bc3 19. exf7+ Kxf7 20. Qd5+ e6 21. Qg5 Bf6 22. Qf4 d5 23. Qh6 Kg8 24. exd5 exd5 25. Bc5 Re8 26. Bd3 Qg7 27. Qf4 Be5 28. Qg4 Rad8 29. h4 Qf6 30. h5 g5 31. h6 Qf4 32. Bf5 Qxg4 33. Bxg4 d4 34. Rd1 d3 35. Bf5 d2 36. Kf2 Bd4+ 37. Bxd4 Rxd4 38. Bc2 Re5 39. g3 Kh8 40. Be4 Re6 41. Ke3 Rd8 42. Rxd2 Rxd2 43. Kxd2 Rxh6 44. g4 Rf6 45. Kc3 Kg7 46. Kb3 h5 47. gxh5 Kh6 48. a4 Kxh5 49. axb5 axb5 50. Kc3 Kh4 51. Kd4 Kg3 52. Kc5 Rxf3 53. Bxf3 Kxf3 54. Kxb5 g4 55. Kc6 g3 56. b5 g2 57. b6 g1=Q 58. b7 Qg6+ 59. Kc7 Qf7+ 60. Kb6 Qe6+ 61. Ka7 1-0


[Site "https://www.chess.com"]

[Event "Titled Tuesday Blitz May 24 Early 2022"]
[White "Hakemi, Arman"]
[Black "Przybylski, Wojciech"]
[WhiteFideId "22520805"]
[BlackFideId "1117599"]
[WhiteElo "2115"]
[BlackElo "2133"]
[Result "1-0"]
[Round "04"]
[TimeControl "180+1"]
[Date "2022.05.25"]
[WhiteClock "0:01:21"]
[BlackClock "0:00:03"]

1. d4 d5 2. Nf3 Nf6 3. g3 Bg4 4. Bg2 Nbd7 5. O-O e6 6. c4 c6 7. Nc3 Be7 8. Qb3 Qb6 9. c5 Qc7 10. Bf4 Qc8 11. Rfe1 O-O 12. e4 dxe4 13. Nxe4 Nxe4 14. Rxe4 Nf6 15. Ree1 Nd5 16. Bd2 Rd8 17. Ne5 Bf5 18. h4 Nf6 19. Be3 h6 20. Rad1 Nd5 21. Bc1 b5 22. Qf3 f6 23. Ng4 e5 24. Ne3 Be6 25. dxe5 fxe5 26. Nxd5 cxd5 27. Rxe5 Bxc5 28. Rde1 Rf8 29. Bf4 Bf7 30. Rc1 Be6 31. Rxe6 Qxe6 32. Qxd5 Rae8 33. Qxe6+ Rxe6 34. Bd5 Bxf2+ 35. Kxf2 Kf7 36. Rc6 Re8 37. Rxe6 Rxe6 38. Bxe6+ Kxe6 39. Kf3 Kf5 40. g4+ Ke6 41. Ke4 g6 42. Bxh6 1-0


[Site "https://www.chess.com"]

[Event "Titled Tuesday Blitz May 24 Early 2022"]
[White "Hamley, Ryan"]
[Black "Miszler, Levente"]
[WhiteFideId "30959497"]
[BlackFideId "763276"]
[WhiteElo "2538"]
[BlackElo "1966"]
[Result "1/2-1/2"]
[Round "04"]
[TimeControl "180+1"]
[Date "2022.05.25"]
[WhiteClock "0:00:08"]
[BlackClock "0:00:20"]

1. d4 Nf6 2. c4 g6 3. Nc3 Bg7 4. e4 d6 5. h3 O-O 6. Be3 Nbd7 7. g4 e5 8. d5 Nc5 9. f3 a5 10. Qd2 Ne8 11. Nge2 f5 12. gxf5 gxf5 13. exf5 Bxf5 14. h4 Nd3+ 15. Kd1 Nc5 16. Ng3 Bd7 17. Be2 c6 18. h5 cxd5 19. Nxd5 Nc7 20. h6 Nxd5 21. cxd5 Bf6 22. Ne4 Nxe4 23. fxe4 Kh8 24. b3 a4 25. Kc2 Qc7+ 26. Qc3 Rfc8 27. Qxc7 Rxc7+ 28. Kd2 Rac8 29. Rac1 Rxc1 30. Rxc1 Rxc1 31. Kxc1 axb3 32. axb3 Be8 33. Kb2 Kg8 34. Kc3 Kf7 35. Kb4 Kg6 36. Ka5 Bg5 37. Bxg5 Kxg5 38. Kb6 Kxh6 39. Kxb7 Kg5 40. Kc7 Kf4 41. Kxd6 Kxe4 42. Ke7 Kxd5 43. Kxe8 Kc5 44. Ke7 Kb4 45. Bd1 h5 46. Ke6 h4 47. Kxe5 h3 48. Bf3 Kxb3 49. Kf4 h2 50. Kg3 h1=Q 51. Bxh1 1/2-1/2


[Site "https://www.chess.com"]

[Event "Titled Tuesday Blitz May 24 Early 2022"]
[White "Harris, Ian"]
[Black "Tanenbaum, Zachary"]
[WhiteFideId "2020092"]
[BlackFideId "2060850"]
[WhiteElo "2430"]
[BlackElo "2168"]
[Result "1/2-1/2"]
[Round "04"]
[TimeControl "180+1"]
[Date "2022.05.25"]
[WhiteClock "0:00:05"]
[BlackClock "0:00:07"]

1. e4 e5 2. Nf3 Nc6 3. d4 exd4 4. Bc4 Nf6 5. e5 d5 6. Bb5 Ne4 7. Nxd4 Bd7 8. Bxc6 bxc6 9. O-O Bc5 10. Be3 Qe7 11. f3 Nd6 12. f4 Nc4 13. Qc1 Rb8 14. b3 Nxe3 15. Qxe3 Bb6 16. Kh1 c5 17. Ne2 Bf5 18. Qd2 Rd8 19. Ng3 Bg4 20. a4 a5 21. Nc3 O-O 22. Rae1 c4 23. f5 d4 24. Nb5 Qh4 25. bxc4 Bc5 26. Re4 h5 27. Qf4 d3 28. cxd3 Rxd3 29. f6 Rfd8 30. fxg7 R8d7 31. e6 fxe6 32. Qf8+ Bxf8 33. gxf8=Q+ Kh7 34. Rf7+ Rxf7 35. Qxf7+ Kh8 36. Qf1 Rxg3 37. Qf8+ Kh7 38. Qf7+ Kh8 39. Qe8+ Kh7 40. Qd7+ Kh6 41. Rxe6+ Bxe6 42. Qxe6+ Rg6 43. Qe3+ Qg5 44. Qxg5+ Rxg5 45. Nxc7 Rc5 46. Nd5 Rxc4 47. h4 Rxh4+ 48. Kg1 Rxa4 49. Kf2 Rd4 50. Ne3 a4 51. Nf5+ Kg5 52. Nxd4 a3 53. Nc2 a2 54. Kf3 Kf5 55. Kg3 Kg5 56. Kh3 Kf4 57. Na1 Ke3 58. Kh4 Kf2 59. g3 Kf3 60. Nb3 Kg2 61. Na1 Kh2 62. Nb3 Kg2 63. Na1 Kh2 64. Nb3 Kg2 1/2-1/2


[Site "https://www.chess.com"]

[Event "Titled Tuesday Blitz May 24 Early 2022"]
[White "Hart, Braeden"]
[Black "Petre, Nad-Titus"]
[WhiteFideId "30962587"]
[BlackFideId "1204165"]
[WhiteElo "2392"]
[BlackElo "2354"]
[Result "0-1"]
[Round "04"]
[TimeControl "180+1"]
[Date "2022.05.25"]
[WhiteClock "0:00:13"]
[BlackClock "0:00:14"]

1. e4 c6 2. Ne2 d5 3. e5 c5 4. b4 b6 5. c3 e6 6. bxc5 bxc5 7. d4 Ne7 8. Ng3 Qa5 9. Bd2 c4 10. Be2 Bd7 11. O-O Ba4 12. Qc1 Nbc6 13. f4 g6 14. Na3 h5 15. Nc2 h4 16. Nh1 Nf5 17. Ne3 Nxe3 18. Bxe3 Ne7 19. Nf2 Nf5 20. Ng4 Be7 21. Bd2 Kf8 22. Be1 Kg7 23. Ne3 Nxe3 24. Qxe3 Bc2 25. g3 hxg3 26. hxg3 Rab8 27. Qc1 Be4 28. Bf3 Ba3 29. Qe3 Bd3 30. Rf2 Bb2 31. Rd1 Bxc3 32. g4 Rh3 33. f5 Bxe1 34. f6+ Kg8 35. Rxe1 Be4 36. Kg2 Rxf3 37. Rxf3 Rb2+ 38. Re2 Rxe2+ 39. Qxe2 Qc3 40. Kg3 Bxf3 41. Qxf3 Qxd4 42. Qe2 c3 43. Kh4 g5+ 44. Kh5 Qe4 45. Qb5 Qg6# 0-1


[Site "https://www.chess.com"]

[Event "Titled Tuesday Blitz May 24 Early 2022"]
[White "Hartikainen, Jarmo"]
[Black "Martinez, Shawn"]
[WhiteFideId "503134"]
[BlackFideId "2039770"]
[WhiteElo "2118"]
[BlackElo "2174"]
[Result "1/2-1/2"]
[Round "04"]
[TimeControl "180+1"]
[Date "2022.05.25"]
[WhiteClock "0:00:06"]
[BlackClock "0:00:33"]

1. e4 c5 2. c3 d5 3. exd5 Qxd5 4. d4 Nf6 5. Nf3 Nc6 6. Be2 Bg4 7. Na3 e6 8. Nb5 O-O-O 9. O-O a6 10. Na3 cxd4 11. cxd4 Nxd4 12. Nxd4 Qxd4 13. Qc2+ Qc5 14. Bxg4 Qxc2 15. Bxe6+ fxe6 16. Nxc2 Bc5 17. Be3 Bxe3 18. Nxe3 Rd2 19. Rac1+ Kb8 20. Rc2 Rhd8 21. Rfc1 Ne4 22. Rxd2 Rxd2 23. Rc2 Rd3 24. Kf1 Nf6 25. Ke2 Rd4 26. Rd2 Rxd2+ 27. Kxd2 Kc7 28. f3 Kd6 29. Kd3 b5 30. b4 Nd7 31. f4 g6 32. g3 e5 33. fxe5+ Nxe5+ 34. Ke4 Nc6 35. a3 a5 36. bxa5 Nxa5 37. Kd4 Nc6+ 38. Kc3 Ke5 39. Ng4+ Kf5 40. Ne3+ Ke4 41. Ng4 h5 42. Nf6+ Kf3 43. Nd5 Kg2 44. Nf4+ Kxh2 45. Nxg6 Kxg3 46. Kb3 h4 47. Nxh4 Kxh4 48. a4 b4 49. a5 Kg5 50. a6 Kf5 51. a7 Nxa7 52. Kxb4 1/2-1/2


[Site "https://www.chess.com"]